 Dungeon Crawl Stone Soup version 0.20.0-15-g7f486f2 (webtiles) character file.

1407 anfisbena the Poker (level 8, -10/56 HPs)
             Began as a Merfolk Skald on June 14, 2017.
             Mangled by a wraith (12 damage)
             ... in an ossuary.
             The game lasted 00:15:06 (4729 turns).

anfisbena the Poker (Merfolk Skald)                 Turns: 4729, Time: 00:15:06

Health: -10/56     AC:  4    Str: 11    XL:     8   Next: 70%
Magic:  7/11       EV: 12    Int: 14    God:
Gold:   239        SH:  7    Dex: 14    Spells: 5/11 levels left

rFire    . . .     SeeInvis .   q - +0 trident
rCold    . . .     Gourm    .   u - +2 buckler
rNeg     . . .     Faith    .   b - +0 leather armour
rPois    .         Spirit   .   (no helmet)
rElec    .         Reflect  .   r - +0 cloak
rCorr    .         Harm     .   (no gloves)
MR       .....                  (no boots)
Stlth    +.........             e - amulet of regeneration
Regen    0.6/turn               (no ring)
MPRegen  0.2/turn               (no ring)

@: slowed, very slow
A: change form in water, swift swim, stealthy swim
a: no special abilities


You were in an ossuary.
You were not hungry.

You visited 1 branch of the dungeon, and saw 4 of its levels.
You also visited: Ossuary.

You collected 239 gold pieces.

Inventory:

Hand Weapons
 q - a +0 trident (weapon)
Armour
 b - a +0 leather armour (worn)
 r - a +0 cloak (worn)
 u - a +2 buckler (worn)
Jewellery
 e - an amulet of regeneration (around neck)
 y - an uncursed amulet of harm {unknown}
Scrolls
 h - 4 scrolls of teleportation {unknown}
 m - 4 scrolls of amnesia {unknown}
 n - 2 scrolls of identify {unknown}
 o - 2 scrolls of fear {unknown}
 p - 2 scrolls of remove curse {unknown}
 s - 2 scrolls of recharging {unknown}
 v - 2 scrolls of blinking {unknown}
 w - a scroll of fog {unknown}
 x - a scroll of magic mapping {unknown}
Potions
 g - 3 potions of agility {unknown}
 i - a potion of mutation {unknown}
 j - a potion of cancellation {unknown}
 k - a potion of berserk rage {unknown}
 l - a potion of haste {unknown}
 z - a potion of brilliance {unknown}
Books
 c - a book of Battle

   Spells                             Type                      Level
   a - Infusion                       Charms                       1
   b - Shroud of Golubria             Charms/Translocation         2
   c - Song of Slaying                Charms                       2
   d - Spectral Weapon                Hexes/Charms                 3
   e - Regeneration                   Charms/Necromancy            3
Comestibles
 a - 3 royal jellies
 d - 3 bread rations
 f - a meat ration
 t - a chunk of flesh
 A - 3 fruits


   Skills:
 - Level 2.1 Fighting
 * Level 7.1 Polearms
 - Level 0.6 Armour
 - Level 2.6 Dodging
 - Level 4.0 Shields
 - Level 2.0 Spellcasting
 + Level 5.7 Hexes
 + Level 6.5 Charms
 - Level 2.0 Translocations


You had 5 spell levels left.
You knew the following spells:

 Your Spells              Type           Power        Failure   Level  Hunger
a - Infusion              Chrm           ###.         2%          1    ##.....
b - Shroud of Golubria    Chrm/Tloc      ##........   9%          2    ###....
c - Spectral Weapon       Hex/Chrm       ###.....     8%          3    ####...


Dungeon Overview and Level Annotations

Branches:
Dungeon (4/15)
 Temple: D:4-7

Altars:
Trog
Zin

Shops:
D:2 *   D:4 [


Message History

The wraith hits you.
* * * LOW HITPOINT WARNING * * *
You hit the wraith.
The wraith is severely damaged.
Your spectral weapon closely misses the wraith.
You block the wraith's attack.
You hit the wraith.
The wraith is almost destroyed.
Your spectral weapon barely misses the wraith.
The wraith hits you!
* * * LOW HITPOINT WARNING * * *
You block the wraith's attack.
You completely miss the wraith.
The wraith is almost destroyed.
Your spectral weapon misses the wraith.
The wraith barely misses you.
You barely miss the wraith.
The wraith is almost destroyed.
Your spectral weapon hits the wraith but does no damage.
The wraith hits you!
You die...

####+#####
.........##
..##+##...##
.##...##...## .
##.....##.W.# ..
#.?!?!!.#@..+
...##.?!..##(..#
#...##...##...##
#...#####...## .
#.........##...
.#####'#####....
.................
.................
######'''########


You could see a wraith and a friendly spectral trident.

Vanquished Creatures
  Duvessa (D:4)
  Purgy (D:4)
  An ogre (D:3)
  The ghost of Zleub the Poker, an amateur MfSk (D:3)
  A gnoll sergeant (D:3)
  Dowan (D:4)
  2 orc priests
  A bullfrog skeleton (D:4)
  3 gnoll shamans (D:3)
  4 worker ants
  Ijyb (D:4)
  3 orc wizards (D:4)
  A mummy (Ossuary)
  30 gnolls
  10 adders
  2 oozes
  3 worms
  4 dart slugs
  5 leopard geckos
  11 orcs
  4 ball pythons
  8 bats
  2 giant cockroaches
  5 goblins
  5 hobgoblins
  26 jackals
  2 kobolds
  2 quokkas
  8 frilled lizards
  2 gnoll skeletons (Ossuary)
  2 kobold skeletons (Ossuary)
  5 orc skeletons (Ossuary)
  7 rats
164 creatures vanquished.

Vanquished Creatures (others)
  2 spectral weapons
2 creatures vanquished.

Grand Total: 166 creatures vanquished

Notes
Turn   | Place    | Note
-------+----------+-------------------------------------------
     0 | D:1      | anfisbena the Merfolk Skald began the quest for the Orb.
     0 | D:1      | Reached XP level 1. HP: 16/16 MP: 3/3
   153 | D:1      | Reached XP level 2. HP: 21/22 MP: 5/5
   169 | D:1      | Learned a level 2 spell: Shroud of Golubria
   469 | D:1      | Reached skill level 1 in Translocations
   666 | D:1      | Reached XP level 3. HP: 16/27 MP: 3/6
   738 | D:2      | Found Zin's Purification Station.
   759 | D:2      | Found a glowing silver altar of Zin.
   954 | D:2      | Learned a level 3 spell: Spectral Weapon
  1149 | D:2      | Found a bloodstained altar of Trog.
  1247 | D:2      | Reached skill level 1 in Hexes
  1247 | D:2      | Reached XP level 4. HP: 29/33 MP: 7/7
  1831 | D:2      | Reached XP level 5. HP: 34/38 MP: 3/8
  2117 | D:3      | Noticed Zleub's ghost (amateur MfSk)
  2722 | D:3      | Killed Zleub's ghost
  2722 | D:3      | Reached skill level 5 in Charms
  2722 | D:3      | Reached XP level 6. HP: 29/44 MP: 5/9
  3054 | D:3      | Reached skill level 4 in Polearms
  3064 | D:3      | Reached XP level 7. HP: 28/50 MP: 2/10
  3242 | D:3      | Reached skill level 5 in Polearms
  3252 | D:3      | Reached skill level 1 in Shields
  3793 | D:3      | Reached skill level 5 in Hexes
  3905 | D:3      | Reached XP level 8. HP: 22/56 MP: 4/11
  3996 | D:4      | Noticed Duvessa
  3997 | D:4      | Noticed Dowan
  4073 | D:4      | Noticed Purgy
  4083 | D:4      | Noticed Ijyb
  4093 | D:4      | Found Utuanod's Armour Shoppe.
  4129 | D:4      | Killed Purgy
  4129 | D:4      | Reached skill level 6 in Polearms
  4178 | D:4      | Killed Ijyb
  4203 | D:4      | Killed Duvessa
  4259 | D:4      | Killed Dowan
  4386 | D:4      | Reached skill level 7 in Polearms
  4562 | D:4      | Found a sand-covered staircase.
  4571 | Ossuary  | Entered an ossuary
  4571 | Ossuary  | Noticed a wraith
  4571 | Ossuary  | Noticed a wraith
  4571 | Ossuary  | Noticed a wraith
  4704 | Ossuary  | Noticed a wraith
  4727 | Ossuary  | HP: 1/56 [wraith (7)]
  4729 | Ossuary  | Mangled by a wraith

Skill      XL: |  1  2  3  4  5  6  7  8 |
---------------+-------------------------+-----
Charms         | 4 5 6 |  6.5
Translocations | 1 2 |  2.0
Hexes          | 1 2 4 5 |  5.7
Polearms       | 4 5 7 |  7.1
Shields        | 2 4 |  4.0
Fighting       | |  2.1
Armour         | |  0.6
Dodging        | |  2.6
Spellcasting   | |  2.0

Action                   |  1- 3 |  4- 6 |  7- 9 || total
-------------------------+-------+-------+-------++-------
Melee: Spear             |   123 |    96 |       ||   219
       Trident           |       |   104 |   238 ||   342
       Tailslap          |       |     2 |       ||     2
       Halberd           |       |     9 |    10 ||    19
 Cast: Infusion          |    16 |    24 |    10 ||    50
       Spectral Weapon   |       |     6 |    18 ||    24
       Shroud of Golubri |       |       |     4 ||     4
 Stab: Distracted        |       |     1 |     1 ||     2
  Eat: Chunk             |     2 |     7 |     9 ||    18
Armor: Leather armour    |    25 |    40 |    56 ||   121
Dodge: Dodged            |    75 |   134 |   126 ||   335
Block: Buckler           |       |       |    81 ||    81
